AoeStats
← xuan

Arabian Desert

510266573Analyzed
1v1 RM · 1d ago on Sep 30, 2026· 20m 45s· 2 players
Game mode
Random Map
Map size
Tiny (2 player)
Population
200
Speed
Normal
Resources
Standard
Victory
Conquest
Starting age
Dark Age
Ending age
Imperial Age
RankedLock teamsTeams togetherTeam positionsShared explorationLock speedFull tech treeHidden civsTurbo modeCheats
Victory
Defeat
🇨🇿 Khmer · Czechia
1472
+18
🇹🇼 Wei · Taiwan
1526
-18
Z3phyr
6:01 Loom
8:21 Feudal Age
8:54 Double-Bit Axe
13:45 Town Watch
14:47 Horse Collar
17:02 Fletching
18:26 Forging
20:26 Castle Age
19:58 Scale Barding Armor
19:55 Padded Archer Armor
20:38 Padded Archer Armor
20:37 Crossbowman
21:31 Bow Saw
xuan
6:08 Loom
9:00 Feudal Age
10:06 Double-Bit Axe
16:14 Wheelbarrow
21:09 Castle Age
20:11 Fletching
20:50 Padded Archer Armor
Connection lost

Rejoining the realm…

Still unreachable

The connection could not be restored.

Session expired

The server has moved on; the page needs a fresh start.